 Dungeon Crawl Stone Soup version 0.20.1-1-g8b1a95d (webtiles) character file.

51 letownia2 the Grave Robber (level 3, -3/28 HPs)
             Began as a Deep Dwarf Necromancer on Dec 16, 2017.
             Slain by Purgy (4 damage)
             ... in a sewer.
             The game lasted 00:02:47 (890 turns).

letownia2 the Grave Robber (Deep Dwarf Necromancer)  Turns: 890, Time: 00:02:49

Health: -3/28      AC:  4    Str: 11    XL:     3   Next: 58%
Magic:  0/6        EV: 12    Int: 16    God:
Gold:   8          SH:  0    Dex: 13    Spells: 2/6 levels left

rFire    . . .     SeeInvis .   n - staff of summoning
rCold    . . .     Gourm    .   (no shield)
rNeg     . . .     Faith    .   j - +0 leather armour (curse)
rPois    .         Spirit   .   (no helmet)
rElec    .         Reflect  .   (no cloak)
rCorr    +         Harm     .   (no gloves)
MR       .....                  a - +0 pair of boots
Stlth    ++........             (no amulet)
Regen    0.0/turn               g - ring of resist corrosion
MPRegen  0.1/turn               (no ring)

@: non-regenerating
A: damage resistance, heal wounds, sense surroundings 1, no regeneration
a: Heal Wounds


You were in a sewer.
You were very hungry.

You visited 1 branch of the dungeon, and saw 3 of its levels.
You also visited: Sewer.

You collected 8 gold pieces.

Inventory:

Armour
 a - a +0 pair of boots (worn)
 i - a +0 scale mail
 j - a cursed +0 leather armour (worn)
Magical Staves
 n - an uncursed staff of summoning (weapon)
Jewellery
 g - a ring of resist corrosion (left hand)
Scrolls
 e - a scroll of enchant weapon {unknown}
 f - 2 scrolls of amnesia {unknown}
 h - a scroll of recharging {unknown}
 l - 2 scrolls of identify {unknown}
Potions
 d - a potion of might {unknown}
 m - a potion of mutation {unknown}
Books
 b - a book of Necromancy

   Spells                             Type                      Level
   a - Pain                           Necromancy                   1
   b - Animate Skeleton               Necromancy                   1
   c - Vampiric Draining              Necromancy                   3
   d - Regeneration                   Charms/Necromancy            3
   e - Animate Dead                   Necromancy                   4
   f - Control Undead                 Necromancy                   4
Comestibles
 c - a bread ration
 k - a meat ration


   Skills:
 + Level 0.1 Fighting
 + Level 2.1 Dodging
 + Level 2.5 Stealth
 + Level 2.2 Spellcasting
 + Level 5.4 Necromancy


You had 2 spell levels left.
You knew the following spells:

 Your Spells              Type           Power        Failure   Level  Hunger
a - Pain                  Necr           ###.         2%          1    #......
v - Vampiric Draining     Necr           ###.......   9%          3    ###....


Dungeon Overview and Level Annotations

Branches:
Dungeon (3/15)

Altars:
Okawaru

Annotations:
Sewer Purgy


Innate Abilities, Weirdness & Mutations

You are resistant to damage.
You can heal yourself by infusing magical energy.
You passively map a small area around you.
You do not regenerate.


Message History

Purgy hisses menacingly.
Purgy barely misses you. Purgy claws you. Purgy claws you but does no damage.
Unknown command.
Casting: Pain
Confirm with . or Enter, or press ? or * to list all spells.
Aiming: Pain
Press: ? - help, Shift-Dir - straight line, f/p - Purgy
Aim: Purgy (heavily wounded, chance to defeat MR: 84%) Purgy writhes in agony!
Purgy bites you. Purgy claws you. Purgy misses you.
Unknown command.
Unknown command.
Unknown command.
You hit Purgy but do no damage.
Purgy is heavily wounded.
Purgy closely misses you. Purgy claws you but does no damage.
Purgy closely misses you.
You hit Purgy but do no damage.
Purgy is heavily wounded.
Purgy bites you.
You die...

##########*
#..'.≈≈≈.+, *
#.≈≈≈.# *
####.≈≈≈.#
#..'.≈≈≈.+,
####.≈≈≈.#
####.≈≈≈.#
#..'.≈≈≈.+ *
####@≈≈≈.#*
####.T≈≈.####
#..'..∩....∩#
####.≈≈≈.####
####.≈≈≈.#
#(.'.≈≈≈.+ ,
####.≈≈≈.# *
####.≈≈≈.####
#.('.≈≈≈.'.!#


You could see Purgy.

Vanquished Creatures
  Jessica (D:3)
  An adder (D:2)
  A leopard gecko (D:2)
  3 bats
  2 goblins (D:3)
  A hobgoblin (D:1)
  A quokka (D:3)
  3 kobolds (Sewer)
  4 rats
17 creatures vanquished.

Notes
Turn   | Place    | Note
-------+----------+-------------------------------------------
     0 | D:1      | letownia2 the Deep Dwarf Necromancer began the quest for the Orb.
     0 | D:1      | Reached XP level 1. HP: 15/15 MP: 3/3
    88 | D:1      | You fall through a shaft!
   302 | D:2      | Reached XP level 2. HP: 8/22 MP: 0/5
   387 | D:2      | Reached skill level 5 in Necromancy
   492 | D:3      | Noticed Jessica
   498 | D:3      | Killed Jessica
   498 | D:3      | Reached XP level 3. HP: 11/28 MP: 1/6
   503 | D:3      | Learned a level 3 spell: Vampiric Draining
   590 | D:3      | Found an iron altar of Okawaru.
   688 | D:3      | Found a glowing drain.
   716 | Sewer    | Entered a sewer
   871 | Sewer    | Noticed Purgy
   886 | Sewer    | HP: 1/28 [Purgy (4)]
   890 | Sewer    | Slain by Purgy

Skill      XL: |  1  2 |
---------------+-------+-----
Spellcasting   | 2 |  2.2
Necromancy     | 5 |  5.4
Fighting       | |  0.1
Dodging        | |  2.1
Stealth        | |  2.5

Action                   || total
-------------------------++-------
Melee: Unarmed           ||     6
       Staff             ||     5
 Cast: Pain              ||    29
       Vampiric Draining ||     7
Armor: Leather armour    ||    17
Dodge: Dodged            ||    25
